 Dungeon Crawl Stone Soup version 0.29-a0-275-g389c0b56f3 (webtiles) character file.

Game seed: 8548530491091187301

117 BlueGoblin the Ducker (level 4, 0/23 HPs)
             Began as a Spriggan Monk on Mar 12, 2022.
             Killed from afar by an orc wizard (9 damage)
             ... with a magic dart
             ... on level 3 of the Dungeon.
             The game lasted 00:04:32 (3355 turns).

BlueGoblin the Ducker (Spriggan Monk)               Turns: 3355, Time: 00:04:32

Health: 0/23       AC:  2    Str:  7    XL:     4   Next: 71%
Magic:  5/5        EV: 22    Int: 11    God:
Gold:   89         SH:  0    Dex: 19    Spells: 3/3 levels left

rFire   . . .      SeeInvis +   a - +0 short sword
rCold   . . .      Faith    .   (no shield)
rNeg    . . .      Spirit   .   b - +0 robe
rPois   .          Reflect  .   (helmet restricted)
rElec   .          Harm     .   (no cloak)
rCorr   .          Rampage  .   (gloves unavailable)
Will    +....                   (boots unavailable)
Stlth   +.........              (no amulet)
HPRegen 0.07/turn               i - ring of willpower
MPRegen 0.09/turn               (no ring)

@: confused, ambrosia-drunk, very quick
A: very small, no large weapons, unfitting armour, see invisible, speed 3
a: no special abilities


You were on level 3 of the Dungeon.
You visited 1 branch of the dungeon, and saw 3 of its levels.

You collected 89 gold pieces.

Inventory:

Hand Weapons
 a - a +0 short sword (weapon)
Armour
 b - a +0 robe (worn)
Jewellery
 i - a ring of willpower (left hand)
 o - a +6 ring of strength
Scrolls
 d - a scroll of fear {unknown}
 g - a scroll of teleportation {unknown}
 h - 5 scrolls of identify {unknown}
 j - a scroll of magic mapping {unknown}
 k - a scroll of amnesia {unknown}
Potions
 e - 2 potions of heal wounds {unknown}
 f - a potion of haste {unknown}
 l - 3 potions of cancellation {unknown}
 m - a potion of curing {unknown}
 n - a potion of brilliance {unknown}
 p - 2 potions of mutation {unknown}


   Skills:
 - Level 2.4 Fighting
 - Level 3.2 Short Blades
 + Level 7.3 Dodging
 - Level 3.0 Stealth


You had 3 spell levels left.
You didn't know any spells.
Your spell library contained the following spells:

 Spells                   Type           Power      Damage    Failure   Level
 Tukima's Dance           Hex            0%         N/A       71%         3
 Passage of Golubria      Tloc           0%         N/A       98%         4
 Yara's Violent Unravell  Hex/Tmut       0%         3d3       100%        5


Dungeon Overview and Level Annotations

Branches:
Dungeon (3/15)

Altars:


Innate Abilities, Weirdness & Mutations

You are very small and have problems with some larger weapons.
You are too small for most types of armour.
You have supernaturally acute eyesight. (SInv)
You cover ground extremely quickly. (Speed+++)


Message History

The orc priest closely misses you.
You closely miss the orc priest.
The orc priest is moderately wounded.
The orc priest hits you with a +0 dagger.
You barely miss the orc priest.
The orc priest is moderately wounded.
The orc priest closely misses you.
You barely miss the orc priest.
The orc priest is moderately wounded.
The orc priest barely misses you.
Okay, then.
You hit the orc priest.
The orc priest is heavily wounded.
The orc priest closely misses you.
You hit the orc priest but do no damage.
The orc priest is heavily wounded.
You hit the orc priest.
The orc priest is heavily wounded.
The orc priest closely misses you.
You hit the orc priest.
The orc priest is severely wounded.
The orc wizard closely misses you. The orc priest closely misses you.
You hit the orc priest.
The orc priest is almost dead.
The orc wizard casts a spell at you. The magic dart hits you!
The orc priest invokes the aid of Beogh against you.
Pain shoots through your body!
* * * LOW HITPOINT WARNING * * *
You are confused.
You feel invigorated.
The orc wizard hits you with a +0 dagger.
* * * LOW HITPOINT WARNING * * *
The orc priest closely misses you. The orc wizard completely misses you.
You barely miss the orc wizard.
The orc wizard hits you but does no damage.
The orc priest barely misses you. The orc wizard casts a spell at you.
The magic dart hits you!
You die...

.....<......#≈#..#.....#
....(.......#≈#..#)#†..#
............####>..#.###
...)...#############'####
.......# #..........#
######## #........(.#
#..........#
......#.o....### .....
#@o....# .... #o#..#.#
... .o...#.# .. ...##.###
. ...###.. .... .## .....
......


You could see an orc priest, 2 orc wizards and an orc.

Vanquished Creatures
  Robin (D:2)
  3 adders
  4 worms
  2 dart slugs
  2 orcs (D:3)
  2 ball pythons
  8 bats
  8 endoplasms
  A giant cockroach (D:3)
  7 hobgoblins
  3 quokkas
  2 frilled lizards
  9 goblins
  7 kobolds
  3 rats
62 creatures vanquished.

Notes
Turn   | Place    | Note
-------+----------+-------------------------------------------
     0 | D:1      | BlueGoblin the Spriggan Monk began the quest for the Orb.
     0 | D:1      | Reached XP level 1. HP: 11/11 MP: 2/2
   710 | D:1      | Found a faded altar of an unknown god.
   723 | D:1      | Reached XP level 2. HP: 10/16 MP: 3/3
   955 | D:1      | Reached skill level 5 in Dodging
  1474 | D:2      | Reached XP level 3. HP: 18/19 MP: 4/4
  1968 | D:2      | Reached skill level 6 in Dodging
  2044 | D:3      | Noticed Robin
  2368 | D:3      | Reached XP level 4. HP: 23/23 MP: 5/5
  2572 | D:2      | Killed Robin
  2573 | D:2      | Reached skill level 7 in Dodging
  3355 | D:3      | Killed from afar by an orc wizard

Illustrated notes

Levels and vault maps discovered:
D:1:      lightli_arrival_boilingwater, layout_loops_corners,
          hellmonk_ecumenical_altar_heavens_door, minmay_surrounded
D:2:      layout_rooms
D:3:      layout_basic, grunt_decor_cap, chequers_serial_rivers_micro_a,
          uniq_robin

Skill      XL: |  1  2  3  4 |
---------------+-------------+-----
Dodging        | 5 6 7 |  7.3
Fighting       | |  2.4
Short Blades   | |  3.2
Stealth        | |  3.0

Action                   |  1- 3 |  4- 6 || total
-------------------------+-------+-------++-------
Melee: Short sword       |   137 |    84 ||   221
       Punch             |       |     1 ||     1
  Use: Potion            |       |     1 ||     1
 Stab: Sleeping          |     9 |       ||     9
Armor: Robe              |    14 |     2 ||    16
Dodge: Dodged            |    89 |    62 ||   151

Table legend: (Time is in decaauts)
 A = Elapsed time spent in this place.
 B = Non-inter-level travel time spent in this place.
 C = Inter-level travel time spent in this place.
 D = Time resting spent in this place.
 E = Time spent auto-exploring this place.
 F = Levels seen in this place.
 G = Mean time per level.
                   A        B        C        D        E       F      G
               +--------+--------+--------+--------+--------+-----+--------+
         Total |   2797 |   2736 |     61 |    505 |   1764 |   3 |  932.3 |
       Dungeon |   2797 |   2736 |     61 |    505 |   1764 |   3 |  932.3 |
               +--------+--------+--------+--------+--------+-----+--------+

Top non-repeatable levels by time:
     D:1: 1177 daAuts
     D:3: 841 daAuts
     D:2: 778 daAuts
